 Dungeon Crawl Stone Soup version 0.31-a0-604-g8e0283293c (webtiles) character file.

Game seed: 3301525543572095452

13001 Maratek the Cleaver (level 11, -5/89 HPs)
             Began as a Minotaur Fighter on Aug 21, 2023.
             Was an Elder of Hepliaklqana.
             Slain by an azure jelly (7 damage)
             ... in an ice cave.
             The game lasted 00:20:09 (11527 turns).

Maratek the Cleaver (Minotaur Fighter)             Turns: 11527, Time: 00:20:10

Health: -5/89      AC: 18    Str: 25    XL:     11   Next: 69%
Magic:  10/10      EV:  7    Int:  5    God:    Hepliaklqana [****..]
Gold:   509        SH:  0    Dex: 10    Spells: 10/10 levels left

rFire   + . .        r - +3 war axe (flame)
rCold   + + .        L - +0 tower shield {rC+}
rNeg    . . .        G - +0 plate armour
rPois   .            (helmet restricted)
rElec   .            K - scarf {rC+ rF+}
rCorr   +            B - +0 pair of gloves
SInv    .            x - +0 pair of boots
Will    +....        v - amulet of magic regeneration Stlth
                     m - ring of willpower
HPRegen 0.34/turn    q - ring of resist corrosion
MPRegen 0.52/turn

%: no passive effects
@: confused, ambrosia-drunk, hasted, very quick
A: reduced essence, horns 2, retaliatory headbutt
a: Renounce Religion, Recall Ancestor, Ancestor Identity, Transference, Idealise


You were in an ice cave.
You worshipped Hepliaklqana.
Hepliaklqana was greatly pleased with you.
You visited 2 branches of the dungeon, and saw 12 of its levels.
You also visited: Ice Cave.

You collected 765 gold pieces.
You spent 256 gold pieces at shops.

Inventory:

Hand Weapons
 r - a +3 war axe of flaming (weapon)
Missiles
 e - a throwing net
Armour
 x - a +0 pair of boots (worn)
 B - a +0 pair of gloves (worn)
 G - a +0 plate armour (worn)
 K - a scarf of resistance (worn)
 L - a +0 tower shield of cold resistance (worn)
Jewellery
 m - a ring of willpower (left hand)
 q - a ring of resist corrosion (right hand)
 v - an amulet of magic regeneration (around neck)
Wands
 b - a wand of quicksilver (16)
 u - a wand of polymorph (12)
 y - a wand of mindburst (20)
 A - a wand of roots (7)
 I - a wand of flame (10)
Scrolls
 i - a scroll of fog
 n - 2 scrolls of immolation
 o - 2 scrolls of fear
 p - 2 scrolls of poison
 H - a scroll of silence
Potions
 a - a potion of resistance {unknown}
 f - 2 potions of haste
 g - 2 potions of brilliance
 h - a potion of invisibility {unknown}
 j - 2 potions of mutation {unknown}
 l - 2 potions of ambrosia
 s - a potion of berserk rage {unknown}
 t - 3 potions of lignification {unknown}
 w - 2 potions of enlightenment {unknown}
 z - 2 potions of degeneration {unknown}
 D - a potion of attraction {unknown}
 F - 3 potions of might


   Skills:
 + Level 9.8 Fighting
 + Level 14.5 Axes
 + Level 11.6 Armour
 + Level 5.3 Dodging
 + Level 2.1 Stealth
 + Level 8.3 Shields


You had 10 spell levels left.
You didn't know any spells.
Your spell library contained the following spells:

 Spells                   Type           Power      Damage    Failure   Level
 Magic Dart               Conj           0%         1d3       100%        1
 Shock                    Conj/Air       0%         1d3       100%        1
 Slow                     Hex            0%         N/A       100%        1
 Blink                    Tloc           0%         N/A       100%        2
 Call Imp                 Summ           0%         N/A       100%        2
 Ensorcelled Hibernation  Hex/Ice        0%         N/A       100%        2
 Lesser Beckoning         Tloc           0%         N/A       100%        2
 Momentum Strike          Conj/Tloc      0%         3d8       100%        2
 Searing Ray              Conj           0%         2d4       100%        2
 Confusing Touch          Hex            0%         N/A       100%        3
 Inner Flame              Hex/Fire       0%         N/A       100%        3
 Mephitic Cloud           Conj/Pois/Air  0%         N/A       100%        3
 Ozocubu's Armour         Ice            0%         N/A       100%        3
 Swiftness                Air            0%         N/A       100%        3
 Vampiric Draining        Necr           0%         2d6       100%        3
 Airstrike                Air            0%         2d(0-16)  100%        4
 Flame Wave               Conj/Fire      0%         2d4       100%        4
 Fulminant Prism          Conj/Hex       0%         3d5       100%        4
 Sticky Flame             Conj/Fire      0%         2d3       100%        4
 Yara's Violent Unravell  Hex/Tmut       0%         3d3       100%        5
 Simulacrum               Ice/Necr       0%         N/A       100%        6
 Enfeeble                 Hex            0%         N/A       100%        7


Dungeon Overview and Level Annotations

Branches:
Dungeon (11/15)            Temple (1/1) D:4            Lair (0/5) D:9
    Orc (0/2) D:10          IceCv (1/1)

Altars:
Ashenzari
Cheibriados
Dithmenos
Elyvilon
Fedhas
Gozag
Hepliaklqana
Kikubaaqudgha
Makhleb
Nemelex Xobeh
Okawaru
Qazlal
Ru
Sif Muna
Trog
Uskayaw
Vehumet
Wu Jian
Xom
Yredelemnul
Zin
The Shining One

Shops:
D:7 (   D:8 :

Portals:
Trove: D:10 (give 9 potions of haste)

Annotations:
D:7 3 runed translucent doors, Yorgos's ghost, novice DrSh; eelars's ghost, novice MiFi; makewrite's ghost, novice TrGl IceCv exclusion: ice statue


Innate Abilities, Weirdness & Mutations

Your life essence is reduced to manifest your ancestor. (-10% HP)
You have a pair of horns on your head.
You reflexively headbutt those who attack you in melee.


Message History

Press: ? - help, Q - select action, (/) - cycle Dir - look around, f - activate Look: an azure jelly (chance to affect: 64%)
As you read the scroll of fear, it crumbles to dust.
You assume a fearsome visage.
The azure jelly resists with some effort.
The azure jelly hits you but does no damage.
You block the azure jelly's attack.
The azure jelly hits you but does no damage.
You block the azure jelly's attack.
Aiming: Throw Flame
Press: ? - help, Q - select action, (/) - cycle Shift-Dir - straight line, f/p - azure jelly
Aim: an azure jelly (68% to hit)
The puff of flame hits the azure jelly.
The azure jelly is burned terribly!
The azure jelly is lightly wounded.
Aiming: Throw Flame
Press: ? - help, Q - select action, (/) - cycle Shift-Dir - straight line, f/p - azure jelly
Aim: an azure jelly (lightly wounded, 68% to hit)
The puff of flame hits the azure jelly!
The azure jelly is burned terribly!
The azure jelly is moderately wounded.
The azure jelly jiggles.
You block the azure jelly's attack. x3; The azure jelly hits you.
* * * LOW HITPOINT WARNING * * *
Aiming: Throw Flame
Press: ? - help, Q - select action, (/) - cycle Shift-Dir - straight line, f/p - azure jelly
Aim: an azure jelly (moderately wounded, 68% to hit)
The puff of flame hits the azure jelly.
The azure jelly is burned terribly!
The azure jelly is moderately wounded.
The azure jelly hits you but does no damage.
The azure jelly hits you.
* * * LOW HITPOINT WARNING * * *
The azure jelly freezes you! You resist.
* * * LOW HITPOINT WARNING * * *
The azure jelly hits you.
* * * LOW HITPOINT WARNING * * *
You block the azure jelly's attack.
You are confused.
You feel invigorated. The azure jelly hits you!
* * * LOW HITPOINT WARNING * * *
The azure jelly freezes you! You resist.
You die...

#.....##....####....###
#.....#...............#
#........###...8# #....
##.....### ..### #..
####### J# #.. .. ##J
..#####R #######
........ #@....#
##...... #JJ......#
####### $....#.....
)....... #...
#=....#._. .. #?....
...# . ##=$.. .#..
####. .....


You could see 2 azure jellies.

Vanquished Creatures
  Erolcha (D:9)
  A cyclops (D:11)
  A manticore (D:10)
  Jeremiah (D:9)
  A gargoyle (D:10)
  A guardian mummy (D:10)
  3 trolls
  3 hornets
  3 slime creatures (IceCv)
  Sigmund (D:4)
  10 yaks
  3 wyverns
  Menkaure (D:4)
  2 wargs
  3 orc warriors (D:9)
  3 ice beasts
  2 ogres
  2 centaurs
  3 slime creature simulacra (IceCv)
  5 scorpions
  4 bullfrogs
  2 two-headed ogre simulacra (D:11)
  A glowing shapeshifter simulacrum (IceCv)
  5 wights (D:10)
  9 killer bees
  A howler monkey (D:5)
  A jelly (D:6)
  6 orc priests
  5 hounds
  2 gnoll boudas
  2 iguanas
  Ijyb (D:4)
  11 orc wizards
  2 sleepcaps
  2 troll simulacra (D:11)
  7 adders
  6 gnolls
  An ufetubus (D:6)
  2 dart slugs
  32 orcs
  5 ball pythons
  4 endoplasms
  7 giant cockroaches
  2 goblins
  6 hobgoblins
  5 jackals
  4 kobolds
  3 quokkas
  7 bats
  5 frilled lizards
  7 rats
207 creatures vanquished.

Vanquished Creatures (collateral kills)
  A quicksilver ooze (IceCv)
  4 slime creatures (IceCv)
  A shadow (D:11)
  6 yaks
  A vampire (D:10)
  A warg (D:9)
  A water moccasin (D:7)
  A bullfrog (D:8)
  2 killer bees
  An orc priest (D:9)
  7 orc wizards
  An adder (D:6)
  4 orcs
31 creatures vanquished.

Vanquished Creatures (others)
  An ancestor (D:7)
1 creature vanquished.

Grand Total: 239 creatures vanquished

Notes
Turn   | Place    | Note
-------+----------+-------------------------------------------
     0 | D:1      | Maratek the Minotaur Fighter began the quest for the Orb.
     0 | D:1      | Reached XP level 1. HP: 19/19 MP: 0/0
   106 | D:1      | Reached XP level 2. HP: 27/27 MP: 1/1
   759 | D:2      | Reached XP level 3. HP: 31/33 MP: 2/2
   941 | D:2      | Reached skill level 3 in Axes
  1033 | D:2      | Reached XP level 4. HP: 38/40 MP: 3/3
  1594 | D:3      | Found a white marble altar of Elyvilon.
  1882 | D:3      | Reached skill level 1 in Dodging
  2035 | D:3      | Reached skill level 4 in Axes
  2086 | D:4      | Noticed Sigmund
  2096 | D:4      | Killed Sigmund
  2097 | D:4      | Reached skill level 5 in Axes
  2097 | D:4      | Reached skill level 5 in Shields
  2097 | D:4      | Reached XP level 5. HP: 42/47 MP: 4/4
  2097 | D:4      | Reached XP level 6. HP: 47/53 MP: 5/5
  2223 | D:4      | Noticed Ijyb
  2246 | D:4      | Killed Ijyb
  2365 | D:4      | Found a hide-covered altar of Uskayaw.
  2484 | D:4      | Found a staircase to the Ecumenical Temple.
  2508 | D:4      | Found an ancient bone altar of Kikubaaqudgha.
  2560 | Temple   | Entered the Ecumenical Temple
  2567 | Temple   | Became a worshipper of Hepliaklqana the Forgotten
  2644 | D:4      | Found a sparkling altar of Nemelex Xobeh.
  2644 | D:4      | Found a snail-covered altar of Cheibriados.
  2671 | D:4      | Noticed Menkaure
  2679 | D:4      | Killed Menkaure
  2680 | D:4      | Reached skill level 5 in Armour
  2912 | D:4      | Reached skill level 6 in Axes
  2941 | D:4      | Reached XP level 7. HP: 60/60 MP: 6/6
  3380 | D:5      | Entered Level 5 of the Dungeon
  3435 | D:5      | Reached skill level 5 in Fighting
  3709 | D:5      | Reached skill level 7 in Axes
  3800 | D:5      | Reached * piety under Hepliaklqana
  4020 | D:6      | Reached XP level 8. HP: 62/62 MP: 7/7
  4150 | D:6      | Reached skill level 8 in Axes
  4359 | D:6      | Reached skill level 9 in Axes
  4689 | D:7      | Found Usmynnerph's Hydra Hut.
  4695 | D:7      | Noticed a five-headed hydra
  4780 | D:7      | Bought a +2 war axe of flaming for 256 gold pieces
  4814 | D:7      | Reached XP level 9. HP: 25/70 MP: 8/8
  5206 | D:7      | Reached skill level 10 in Axes
  5239 | D:7      | Found an opulent altar of Gozag.
  5354 | D:7      | Reached ** piety under Hepliaklqana
  5356 | D:7      | Remembered your ancestor Matia as a knight
  5477 | D:7      | Found a runed translucent gate.
  5479 | D:7      | Found a runed translucent gate.
  5480 | D:7      | Found a runed translucent gate.
  5481 | D:7      | Noticed Yorgos's ghost (novice DrSh)
  5481 | D:7      | Noticed makewrite's ghost (novice TrGl)
  5481 | D:7      | Noticed eelars's ghost (novice MiFi)
  5790 | D:8      | Found Mavvuum's Book Shop.
  6632 | D:8      | Reached skill level 11 in Axes
  6842 | D:9      | Reached XP level 10. HP: 59/77 MP: 9/9
  7328 | D:9      | Noticed Erolcha
  7337 | D:9      | Killed Erolcha
  7338 | D:9      | Reached skill level 12 in Axes
  7338 | D:9      | Reached skill level 10 in Armour
  7338 | D:9      | Reached skill level 1 in Stealth
  7821 | D:9      | Paralysed by a hornet for 2 turns
  8090 | D:9      | Noticed Jeremiah
  8101 | D:9      | Killed Jeremiah
  8422 | D:9      | Found a staircase to the Lair.
  8517 | D:9      | Found a bloodstained altar of Trog.
  8823 | D:10     | Entered Level 10 of the Dungeon
  8823 | D:10     | Reached *** piety under Hepliaklqana
  9158 | D:10     | Found a staircase to the Orcish Mines.
  9162 | D:10     | Identified the +4 falchion of Foaggedi {protect, rCorr
                  | Int-3 SInv}
  9192 | D:10     | Reached skill level 13 in Axes
  9192 | D:10     | Reached XP level 11. HP: 83/85 MP: 10/10
  9200 | D:10     | Reached skill level 5 in Dodging
  9959 | D:10     | Found a portal to a secret trove of treasure.
 10150 | D:11     | Identified the +1 robe "Forget-Me-Not" {rElec rN++ Will-}
 10166 | D:11     | Reached **** piety under Hepliaklqana
 10327 | D:11     | Found a frozen archway.
 10344 | IceCv    | Entered an ice cave
 10617 | IceCv    | Reached skill level 14 in Axes
 10692 | IceCv    | Noticed a quicksilver ooze
 10703 | IceCv    | Killed a quicksilver ooze
 11432 | IceCv    | Got Sif Muna's Teachings on the Wendigo
 11521 | IceCv    | Found a viscous altar of Jiyva.
 11521 | IceCv    | Noticed an azure jelly
 11521 | IceCv    | Noticed an azure jelly
 11527 | IceCv    | HP: 2/89 [azure jelly (7)]
 11527 | IceCv    | Slain by an azure jelly

Illustrated notes

Levels and vault maps discovered:
D:1:      tarquinn_simple_flora_water_d, layout_basic, serial_rivers,
          chequers_serial_rivers_small_a, chequers_serial_rivers_micro_e,
          chequers_serial_rivers_room_a, chequers_serial_rivers_small_3,
          chequers_serial_rivers_small_3, hangedman_decor_points,
          roderic_serpentine_path, minmay_domino_2
D:2:      layout_basic
D:3:      layout_basic, lemuel_doored_altar
D:4:      layout_basic, lemuel_round_altar, minitemple,
          minmay_temple_entry_antechambers, uniq_menkaure, uniq_ijyb,
          uniq_sigmund
D:5:      layout_cave_pools, lemuel_flame_loot_1
D:6:      layout_loops_ring
D:7:      layout_cave_pools, grunt_gozag_statues, gammafunk_ghost_cemetery,
          minmay_misc_feat_pillars, corexii_corridor_pit, doesnt_shop_hydraphobe
D:8:      layout_loops_ring, nicolae_take_the_stairs
D:9:      layout_big_octagon, lightli_temple_of_fire, erik_lair_orcish_takeover,
          nicolae_nh_ransacked_shop, uniq_erolcha, uniq_jeremiah
D:10:     kennysheep_six_static_rooms, layout_basic, orc_0_dummy,
          nicolae_trove_entry_path_of_doom
D:11:     layout_roguey, portal_ice_cave_entry_ice_simulacra, uniq_nergalle
Temple:   nicolae_temple_no_exploring_needed
IceCv:    ice_cave_hellmonk_azure_passage

Skill      XL: |  1  2  3  4  5  6  7  8  9 10 11 |
---------------+----------------------------------+-----
Armour         | 4 5 6 7 9 10 11 | 11.6
Fighting       | 4 5 6 7 8 9 |  9.8
Shields        | 4 5 6 7 8 |  8.3
Axes           | 3 5 6 7 9 11 13 14 | 14.5
Dodging        | 1 2 3 4 5 |  5.3
Stealth        | 1 2 |  2.1

Action                     |  1- 3 |  4- 6 |  7- 9 | 10-12 || total
---------------------------+-------+-------+-------+-------++-------
  Melee: War axe           |    75 |   105 |   220 |   199 ||   599
         Headbutt          |     8 |    20 |    35 |    49 ||   112
 Invoke: Recall Ancestor   |       |       |     1 |       ||     1
         Ancestor Identity |       |       |     1 |       ||     1
         Ancestor Life: Kn |       |       |     1 |       ||     1
  Evoke: Wand              |       |       |       |     3 ||     3
    Use: Potion            |       |     1 |       |     8 ||     9
         Scroll            |       |       |    10 |     6 ||    16
   Stab: Distracted        |       |       |       |     2 ||     2
 Armour: Scale mail        |    34 |    39 |    97 |    55 ||   225
         Plate armour      |       |       |       |    60 ||    60
  Dodge: Dodged            |    51 |    42 |    93 |    96 ||   282
  Block: Buckler           |    34 |    26 |    42 |    61 ||   163
         Tower shield      |       |       |       |     6 ||     6

Table legend: (Time is in decaauts)
 A = Elapsed time spent in this place.
 B = Non-inter-level travel time spent in this place.
 C = Inter-level travel time spent in this place.
 D = Time resting spent in this place.
 E = Time spent auto-exploring this place.
 F = Levels seen in this place.
 G = Mean time per level.
                   A        B        C        D        E       F      G
               +--------+--------+--------+--------+--------+-----+--------+
         Total |  11586 |  11246 |    340 |   3239 |   6071 |  13 |  891.2 |
       Dungeon |  10396 |  10068 |    328 |   2280 |   6008 |  11 |  945.1 |
        Temple |     14 |      2 |     12 |      0 |      0 |   1 |   14.0 |
      Ice Cave |   1175 |   1175 |      0 |    959 |     63 |   1 | 1175.0 |
               +--------+--------+--------+--------+--------+-----+--------+

Top non-repeatable levels by time:
     D:8: 1614 daAuts
     D:9: 1555 daAuts
     D:4: 1322 daAuts
    D:10: 1310 daAuts
   IceCv: 1175 daAuts
     D:7: 1011 daAuts
     D:2: 814 daAuts
     D:1: 776 daAuts
     D:6: 712 daAuts
     D:5: 558 daAuts
     D:3: 525 daAuts
    D:11: 197 daAuts
  Temple: 14 daAuts
